 Dungeon Crawl Stone Soup version 0.31.0-32-g396128a36d (webtiles) character file.

Game seed: 1150964897034399691

76 mparten the Chiller (level 4, 0/33 HPs)
             Began as a Ghoul Ice Elementalist on Mar 31, 2024.
             Slain by a ribbon worm (5 damage)
             ... on level 3 of the Dungeon.
             The game lasted 00:03:24 (2083 turns).

mparten the Chiller (Ghoul Ice Elementalist)        Turns: 2083, Time: 00:03:24

Health: 0/33       AC:  2    Str: 11    XL:     4   Next: 32%
Magic:  2/8        EV:  6    Int: 16    God:
Gold:   74         SH:  0    Dex:  9    Spells: 7/8 levels left

rFire   . . .        (no weapon)
rCold   + . .        (no shield)
rNeg    + + +        a - +0 robe
rPois   ∞            (no helmet)
rElec   .            (no cloak)
rCorr   .            (no gloves)
SInv    .            (no boots)
Will    .....        (no amulet)
Stlth   ++           (no ring)
HPRegen 0.00/turn    (no ring)
MPRegen 0.11/turn

%: no passive effects
@: held, inhibited regen
A: claws 1, cold resistance 1, negative energy resistance 3, inhibited
regeneration, torment resistance 2, devour on kill
a: no special abilities


You were on level 3 of the Dungeon.
You visited 1 branch of the dungeon, and saw 3 of its levels.

You collected 74 gold pieces.

Inventory:

Armour
 a - a +0 robe (worn)
Magical Staves
 d - a staff of earth
 m - a staff of air
Jewellery
 l - a +5 ring of evasion
Scrolls
 c - a scroll of fog {unknown}
 e - a scroll of noise {unknown}
 f - a scroll of teleportation {unknown}
 g - 2 scrolls of silence {unknown}
 h - a scroll of vulnerability {unknown}
 i - a scroll of immolation {unknown}
 n - a scroll of blinking {unknown}
Potions
 b - 3 potions of magic
 j - a potion of heal wounds {unknown}
 k - 2 potions of curing {unknown}


   Skills:
 - Level 1.7 Dodging
 - Level 2.1 Stealth
 + Level 2.9 Spellcasting
 + Level 5.4 Ice Magic


You had 7 spell levels left.
You knew the following spells:

 Your Spells              Type           Power      Damage    Failure   Level
a - Freeze                Ice            76%        1d8       1%          1

Your spell library contained the following spells:

 Spells                   Type           Power      Damage    Failure   Level
 Frozen Ramparts          Ice            38%        1d6       6%          3
 Ozocubu's Armour         Ice            19%        N/A       6%          3
 Summon Ice Beast         Ice/Summ       11%        N/A       19%         3
 Brom's Barrelling Bould  Conj/Erth      2%         2d3       88%         4
 Fireball                 Conj/Fire      1%         3d3       99%         5
 Iskenderun's Battlesphe  Conj           2%         2d6       99%         5
 Conjure Ball Lightning   Conj/Air       1%         3x3d6     100%        6
 Orb of Destruction       Conj           1%         9d5       100%        7


Dungeon Overview and Level Annotations

Branches:
Dungeon (3/15)

Altars:

Shops:
D:1 !


Innate Abilities, Weirdness & Mutations

You are immune to poison.
You have sharp fingernails.
Your flesh is cold resistant. (rC+)
You are immune to negative energy. (rN+++)
You do not regenerate when monsters are visible.
You are immune to unholy pain and torment.
You thrive by killing the living.


Message History

You take 7 damage, and have 11/33 hp.
MASSIVE DAMAGE!!
You scratch the ribbon worm.
The ribbon worm is moderately wounded.
The ribbon worm bites you.
* * * LOW HITPOINT WARNING * * *
You take 6 damage, and have 5/33 hp.
You scratch the ribbon worm.
The ribbon worm is heavily wounded.
The ribbon worm expels a string of sticky webbing.
The stream of webbing hits you but does no damage.
You are caught in a web!
The web tears apart.
The ribbon worm closely misses you.
Casting: Freeze (safe; 1% risk of failure)
Confirm with . or Enter, or press ? or * to list all spells.
Aiming: Freeze (safe; 1% risk of failure)
Press: ? - help, Shift-Dir - straight line, f/p - ribbon worm
Aim: a ribbon worm (moderately wounded)
You freeze the ribbon worm.
The ribbon worm is heavily wounded.
You now have 4/8 mp.
Casting: Freeze (safe; 1% risk of failure)
Confirm with . or Enter, or press ? or * to list all spells.
Aiming: Freeze (safe; 1% risk of failure)
Press: ? - help, Shift-Dir - straight line, f/p - ribbon worm
Aim: a ribbon worm (heavily wounded)
You freeze the ribbon worm!
The ribbon worm is almost dead.
The ribbon worm expels a string of sticky webbing.
The stream of webbing hits you but does no damage.
You are caught in a web!
You now have 3/8 mp.
Casting: Freeze (safe; 1% risk of failure)
Confirm with . or Enter, or press ? or * to list all spells.
Aiming: Freeze (safe; 1% risk of failure)
Press: ? - help, Shift-Dir - straight line, f/p - ribbon worm
Aim: a ribbon worm (almost dead, catching its breath)
You freeze the ribbon worm.
The ribbon worm is almost dead.
The ribbon worm bites you.
You die...

##.....#####.
#............
##.......####
.........##### #
.............########...
.........###...........#
##........######..###...
..........#.............
..#.........###.@.......
.......##..####.w.......
...##### ......####.<...
..## #.....# .#... ..#
##.....### ##.. ..#
#......... .. ###
#........#
#########.........
..................


You could see a ribbon worm (catching breath).

Vanquished Creatures
  2 adders
  A dart slug (D:2)
  A ribbon worm (D:2)
  5 orcs (D:3)
  2 ball pythons
  2 bats
  9 endoplasms
  5 giant cockroaches
  4 goblins
  2 hobgoblins (D:2)
  5 kobolds
  A frilled lizard (D:1)
  4 rats
43 creatures vanquished.

Notes
Turn   | Place    | Note
-------+----------+-------------------------------------------
     0 | D:1      | mparten the Ghoul Ice Elementalist began the quest for the
                  | Orb.
     0 | D:1      | Reached XP level 1. HP: 14/14 MP: 3/3
   132 | D:1      | Reached XP level 2. HP: 15/20 MP: 0/5
   180 | D:1      | Found Louzusm's Distillery.
   644 | D:2      | Reached skill level 5 in Ice Magic
   644 | D:2      | Reached XP level 3. HP: 26/26 MP: 0/6
  1811 | D:3      | Reached XP level 4. HP: 26/33 MP: 3/8
  2083 | D:3      | Slain by a ribbon worm

Illustrated notes

Levels and vault maps discovered:
D:1:      saegor_arrival_miasma, layout_rooms, serial_shops, shop
D:2:      layout_basic
D:3:      layout_rooms, serial_shops, shop

Skill      XL: |  1  2 |
---------------+-------+-----
Spellcasting   | 2 |  2.9
Ice Magic      | 5 |  5.4
Dodging        | |  1.7
Stealth        | |  2.1

Action                     |  1- 3 |  4- 6 || total
---------------------------+-------+-------++-------
  Melee: Unarmed           |    11 |    13 ||    24
   Cast: Freeze            |    58 |    16 ||    74
 Armour: Robe              |    19 |    11 ||    30
  Dodge: Dodged            |    38 |     9 ||    47
